 Dungeon Crawl Stone Soup version 0.23.0-3-gf3c87f2 (webtiles) character file.

Game seed: 3284342577611659432

234 Borgoz the Vexing (level 6, -8/45 HPs)
             Began as a Ghoul Enchanter on Feb 24, 2019.
             Mangled by an ogre
             ... wielding a +0 giant club
              (24 damage)
             ... on level 4 of the Dungeon.
             The game lasted 00:06:58 (2953 turns).

Borgoz the Vexing (Ghoul Enchanter)                 Turns: 2953, Time: 00:06:59

Health: -8/45      AC:  7    Str: 12    XL:     6   Next: 5%
Magic:  0/7        EV: 11    Int: 10    God:
Gold:   133        SH:  0    Dex: 11    Spells: 5/8 levels left

rFire    . . .     SeeInvis .   a - +1 dagger
rCold    + + .     Gourm    .   (no shield)
rNeg     + + +     Faith    .   i - +2 leather armour {rC+}
rPois    ∞         Spirit   .   (no helmet)
rElec    .         Reflect  .   j - +0 cloak
rCorr    .         Harm     .   (no gloves)
MR       .....                  k - +0 pair of boots
Stlth    ++........             (no amulet)
HPRegen  0.00/turn              (no ring)
MPRegen  0.10/turn              (no ring)

@: very slightly contaminated, rotting
A: rotting body, claws 1, carnivore, cold resistance 1, negative energy
resistance 3, inhibited regeneration, torment resistance, unbreathing
a: no special abilities


You were on level 4 of the Dungeon.
You were not hungry.

You visited 1 branch of the dungeon, and saw 4 of its levels.

You collected 133 gold pieces.

Inventory:

Hand Weapons
 a - a +1 dagger (weapon)
Missiles
 e - 11 poisoned needles
Armour
 i - a +2 leather armour of cold resistance (worn)
 j - a +0 cloak (worn)
 k - a +0 pair of boots (worn)
Scrolls
 b - a scroll of enchant armour
 c - 5 scrolls of identify
 f - 2 scrolls of remove curse
 g - 2 scrolls of enchant weapon
Potions
 h - a potion of flight
 l - a potion of lignification {unknown}
Comestibles
 d - 7 rations


   Skills:
 + Level 3.7 Short Blades
 - Level 1.7 Dodging
 - Level 3.2 Stealth
 - Level 1.7 Spellcasting
 + Level 4.1 Hexes


You had 5 spell levels left.
You knew the following spells:

 Your Spells              Type           Power        Failure   Level  Hunger
a - Corona                Hex            #......      8%          1    ##.....
b - Ensorcelled Hibernat  Hex/Ice        #.....       26%         2    ###....

Your spell library contained the following spells:

 Spells                   Type           Power        Failure   Level  Hunger
 Confuse                  Hex            #.......     22%         3    ####...
 Tukima's Dance           Hex            #.......     22%         3    ####...
 Dazzling Spray           Conj/Hex       #.....       45%         3    ####...


Dungeon Overview and Level Annotations

Branches:
Dungeon (4/15)
 Temple: D:4-7

Altars:
Fedhas


Innate Abilities, Weirdness & Mutations

Your body is rotting away.
You thrive on raw meat.
You are immune to poison.
You have sharp fingernails.
You are carnivorous and can eat meat at any time.
Your flesh is cold resistant. (rC+)
You are immune to negative energy. (rN+++)
You do not regenerate when monsters are visible.
You are immune to unholy pain and torment.
You can survive without breathing.


Message History

Found 19 stones.
Found an escape hatch in the floor.
The ogre barely misses you.
There is an escape hatch in the floor here.
You see here a spear.
The ogre hits you with a +0 giant club!
Casting: Ensorcelled Hibernation (safe; 26% risk of failure)
Confirm with . or Enter, or press ? or * to list all spells.
Aiming: Ensorcelled Hibernation (safe; 26% risk of failure)
Press: ? - help, Shift-Dir - straight line, f/p - ogre
Aim: an ogre, wielding a +0 giant club (chance to defeat MR: 37%)
The ogre looks drowsy...
The helpless ogre fails to defend itself.
You impale the ogre!!
The ogre is severely wounded.
The ogre misses you.
You hit the ogre.
The ogre is severely wounded.
The ogre hits you with a +0 giant club!!
Ouch! That really hurt!
You die...

#........##......##
#....[...#######+##
###........# ......
#..........####......
#....#####.##........
#####....##
#...........
#.........#
####........
#.........# #...#####
#.......@.# #...##...
#.......O.# #........
#.......).# #........
#...(..>..# ##.......
#.........# #.......
#.........# #.......
########### #####...
#... #...


You could see an ogre.

Vanquished Creatures
  A crimson imp (D:3)
  A centaur skeleton (D:4)
  An orc wizard (D:3)
  A bullfrog skeleton (D:4)
  A worker ant (D:4)
  3 adders
  2 oozes
  A worm (D:2)
  2 dart slugs
  3 leopard geckos
  2 orcs (D:3)
  2 giant cockroaches (D:1)
  6 goblins
  2 hobgoblins
  4 jackals (D:2)
  A quokka (D:2)
  2 ball pythons (D:1)
  5 bats (D:1)
  4 frilled lizards
  2 kobolds (D:1)
  6 rats
52 creatures vanquished.

Notes
Turn   | Place    | Note
-------+----------+-------------------------------------------
     0 | D:1      | Borgoz the Ghoul Enchanter began the quest for the Orb.
     0 | D:1      | Reached XP level 1. HP: 14/14 MP: 2/2
    48 | D:1      | Reached skill level 1 in Short Blades
   359 | D:1      | Reached XP level 2. HP: 20/20 MP: 3/3
   527 | D:1      | Learned a level 2 spell: Ensorcelled Hibernation
   934 | D:1      | Reached XP level 3. HP: 26/26 MP: 4/4
  1038 | D:2      | Reached skill level 3 in Hexes
  1372 | D:2      | Found a blossoming altar of Fedhas.
  1484 | D:2      | Reached XP level 4. HP: 28/33 MP: 5/5
  2267 | D:3      | Reached XP level 5. HP: 11/38 MP: 1/6
  2763 | D:4      | Noticed a +0 hand axe
  2819 | D:4      | Reached skill level 4 in Hexes
  2836 | D:4      | Reached XP level 6. HP: 34/45 MP: 7/7
  2953 | D:4      | Mangled by an ogre

Skill      XL: |  1  2  3  4  5 |
---------------+----------------+-----
Short Blades   | 1 2 3 |  3.7
Hexes          | 3 4 |  4.1
Dodging        | |  1.7
Stealth        | |  3.2
Spellcasting   | |  1.7

Action                   |  1- 3 |  4- 6 || total
-------------------------+-------+-------++-------
Melee: Dagger            |   144 |   141 ||   285
 Cast: Corona            |     1 |       ||     1
       Ensorcelled Hiber |     2 |    11 ||    13
  Use: Scroll            |     5 |     1 ||     6
       Potion            |       |     2 ||     2
 Stab: Sleeping          |    10 |     5 ||    15
  Eat: Chunk             |     9 |    10 ||    19
Armor: Robe              |     1 |       ||     1
       Leather armour    |    50 |    51 ||   101
Dodge: Dodged            |    71 |    52 ||   123
